 Dungeon Crawl Stone Soup version 0.23.2-1-ga50397a6bc (webtiles) character file.

Game seed: 3700218714515301434

109 Milting the Ruffian (level 4, -5/27 (40) HPs)
             Began as a Ghoul Chaos Knight on Apr 24, 2019.
             Was a Plaything of Xom.
             Slain by Sigmund
             ... wielding a +0 scythe of venom
              (10 damage)
             ... on level 3 of the Dungeon.
             The game lasted 00:09:03 (2384 turns).

Milting the Ruffian (Ghoul Chaos Knight)            Turns: 2384, Time: 00:09:03

HP:   -5/27 (40)    AC:  6    Str: 19    XL:     4   Next: 90%
MP:   3/3           EV: 10    Int:  7    God:    Xom [.*....]
Gold: 67            SH:  0    Dex:  8    Spells: 3/3 levels left

rFire    + . .     SeeInvis .     - Unarmed
rCold    + . .     Gourm    .   (no shield)
rNeg     + + +     Faith    .   n - +0 scale mail of Mayhem {rF+ Str+3 Slay+3 Stlth+}
rPois    ∞         Spirit   .   (no helmet)
rElec    .         Reflect  .   (no cloak)
rCorr    .         Harm     .   (no gloves)
MR       .....                  (no boots)
Stlth    +.........             (no amulet)
HPRegen  0.00/turn              (no ring)
MPRegen  0.08/turn              (no ring)

@: rotting
A: rotting body, claws 1, carnivore, cold resistance 1, negative energy
resistance 3, inhibited regeneration, torment resistance, unbreathing
a: Renounce Religion


You were on level 3 of the Dungeon.
You worshipped Xom.
You were a plaything of Xom.
You were not hungry.

You visited 1 branch of the dungeon, and saw 3 of its levels.

You collected 67 gold pieces.

Inventory:

Armour
 a - a +2 leather armour
 n - the +0 scale mail of Mayhem (worn) {rF+ Str+3 Slay+3 Stlth+}
   (Xom gifted it to you on level 2 of the Dungeon)

   It affects your strength (+3).
   It affects your accuracy and damage with ranged weapons and melee attacks
   (+3).
   It protects you from fire.
   It makes you more stealthy.
Scrolls
 c - 8 scrolls of identify {unknown}
 e - a scroll of enchant armour {unknown}
 f - 2 scrolls of teleportation {unknown}
 h - a scroll of noise {unknown}
 i - a scroll of blinking {unknown}
 k - a scroll of immolation {unknown}
 l - a scroll of remove curse {unknown}
Potions
 d - 3 potions of mutation {unknown}
 g - a potion of agility {unknown}
 j - a potion of ambrosia {unknown}
 m - 2 potions of might {unknown}
Comestibles
 b - 6 rations


   Skills:
 + Level 4.0 Fighting
 + Level 2.2 Armour
 + Level 1.5 Dodging
 + Level 1.0 Stealth
 + Level 4.7 Unarmed Combat


You had 3 spell levels left.
You didn't know any spells.
Your spell library was empty.

Dungeon Overview and Level Annotations

Branches:
Dungeon (3/15)

Altars:
Nemelex Xobeh
Xom

Annotations:
D:3 Sigmund


Innate Abilities, Weirdness & Mutations

Your body is rotting away.
You thrive on raw meat.
You are immune to poison.
You have sharp fingernails.
You are carnivorous and can eat meat at any time.
Your flesh is cold resistant. (rC+)
You are immune to negative energy. (rN+++)
You do not regenerate when monsters are visible.
You are immune to unholy pain and torment.
You can survive without breathing.


Message History

HP restored.
Sigmund the Dreaded comes into view.
He is wielding a +0 scythe of venom.
Sigmund casts a spell at you. You resist with some effort.
Sigmund closely misses you.
You claw Sigmund!
Sigmund is moderately wounded.
Sigmund hits you with a +0 scythe of venom.
You barely miss Sigmund.
Sigmund is moderately wounded.
You barely miss Sigmund. Your claw misses Sigmund.
Sigmund is moderately wounded.
Xom's power touches on you for a moment.
Your body is twisted very painfully!
Ouch! That really hurt!
* * * LOW HITPOINT WARNING * * *
You are now a plaything of Xom.
Sigmund hits you with a +0 scythe of venom!
You die...
Xom cackles wildly!

###
#.#########
#..@@......
#.#########
#.# #.# #.#
#.# #.# #.#
###### #.#


You could see Sigmund.

Vanquished Creatures
  A gnoll (D:1)
  2 adders (D:2)
  2 oozes
  3 worms (D:2)
  A dart slug (D:1)
  A leopard gecko (D:2)
  3 giant cockroaches
  10 goblins
  9 hobgoblins
  2 jackals (D:2)
  6 kobolds
  2 quokkas
  7 bats
  4 frilled lizards (D:1)
  6 rats
59 creatures vanquished.

Notes
Turn   | Place    | Note
-------+----------+-------------------------------------------
     0 | D:1      | Milting the Ghoul Chaos Knight began the quest for the Orb.
     0 | D:1      | Reached XP level 1. HP: 19/19 MP: 0/0
   145 | D:1      | Reached XP level 2. HP: 19/25 MP: 1/1
   162 | D:1      | Reached skill level 1 in Dodging
   180 | D:1      | XOM: potion effect (haste)
   194 | D:1      | Reached XP level 3. HP: 9/31 MP: 2/2
   689 | D:1      | XOM: medium Tloc miscast
   834 | D:1      | XOM: silly message
  1305 | D:1      | XOM: summons 2 hostile shadow creatures
  1338 | D:2      | Reached XP level 4. HP: 37/37 MP: 3/3
  1810 | D:2      | Found a sparkling altar of Nemelex Xobeh.
  1899 | D:2      | Found a shimmering altar of Xom.
  2231 | D:2      | XOM: god gift: shimmering scale mail {god gift}
  2241 | D:2      | XOM: mild Ice miscast
  2242 | D:2      | Got a shimmering scale mail {god gift}
  2254 | D:2      | Identified the +0 scale mail of Mayhem {rF+ Str+3 Slay+3
                  | Stlth+} (Xom gifted it to you on level 2 of the Dungeon)
  2361 | D:3      | Reached skill level 1 in Stealth
  2379 | D:3      | Noticed Sigmund
  2384 | D:3      | XOM is BORED!
  2384 | D:3      | XOM: medium Tmut miscast
  2384 | D:3      | Slain by Sigmund

Skill      XL: |  1  2  3  4 |
---------------+-------------+-----
Dodging        | 1 |  1.5
Armour         | 2 |  2.2
Fighting       | 4 |  4.0
Unarmed Combat | 4 |  4.7
Stealth        | 1 |  1.0

Action                   |  1- 3 |  4- 6 || total
-------------------------+-------+-------++-------
Melee: Unarmed           |   116 |    84 ||   200
       Punch             |     2 |     2 ||     4
  Eat: Chunk             |     2 |     3 ||     5
Armor: Leather armour    |    31 |    35 ||    66
       Scale mail        |       |     4 ||     4
Dodge: Dodged            |    78 |    61 ||   139
